 Dungeon Crawl Stone Soup version 0.31-a0-263-ge8cad7f256 (webtiles) character file.

Game seed: 4671495234558558255

71 qw the Shooter (level 4, 0/36 HPs)
             Began as a Minotaur Hexslinger on July 13, 2023.
             Slain by an orc
             ... wielding a +0 hand axe
              (2 damage)
             ... on level 2 of the Dungeon.
             The game lasted 00:00:44 (1121 turns).

qw the Shooter (Minotaur Hexslinger)                Turns: 1121, Time: 00:00:44

Health: 0/36       AC:  7    Str: 12    XL:     4   Next: 5%
Magic:  4/4        EV: 11    Int: 10    God:
Gold:   119        SH:  0    Dex: 15    Spells: 4/5 levels left

rFire   . . .        Y - +1 sling
rCold   . . .        (no shield)
rNeg    + . .        f - +0 ring mail
rPois   .            (helmet restricted)
rElec   .            g - +0 cloak
rCorr   .            a - +0 pair of gloves
SInv    .            (no boots)
Will    .....        (no amulet)
Stlth   +            d - ring of positive energy
HPRegen 0.26/turn    (no ring)
MPRegen 0.09/turn

%: no passive effects
@: no status effects
A: horns 2, retaliatory headbutt
a: no special abilities


You were on level 2 of the Dungeon.
You visited 1 branch of the dungeon, and saw 2 of its levels.

You collected 119 gold pieces.


Innate Abilities, Weirdness & Mutations

You have a pair of horns on your head.
You reflexively headbutt those who attack you in melee.


   Skills:
 - Level 2.0 Fighting
 - Level 4.4 Ranged Weapons
 + Level 0.4 Armour
 - Level 2.1 Dodging
 - Level 1.0 Spellcasting
 - Level 2.0 Hexes


You had 4 spell levels left.
You knew the following spells:

 Your Spells              Type           Power      Damage    Failure   Level
a - Slow                  Hex            16%        N/A       34%         1

Your spell library contained the following spells:

 Spells                   Type           Power      Damage    Failure   Level
 Inner Flame              Hex/Fire       2%         N/A       83%         3
 Portal Projectile        Hex/Tloc       4%         N/A       83%         3
 Cause Fear               Hex            2%         N/A       98%         4

Inventory:

Hand Weapons
 Y - a +1 sling (weapon)
Armour
 a - a +0 pair of gloves (worn)
 f - a +0 ring mail (worn)
 g - a +0 cloak (worn)
Jewellery
 d - a ring of positive energy (left hand)
Potions
 b - a potion of resistance {unknown}
 e - a potion of curing {unknown}

Dungeon Overview and Level Annotations

Branches:
Dungeon (2/15)

Altars:


Message History

You shoot a sling bullet.
The sling bullet completely misses the orc.
The sling bullet hits the orc priest but does no damage.
The orc hits you with a +0 dagger. The orc hits you but does no damage.
The orc hits you with a +0 dagger.
You shoot a sling bullet. The sling bullet hits the orc.
The orc is almost dead.
The orc priest barely misses you. You furiously retaliate!
You headbutt the orc priest. The orc hits you but does no damage.
The orc hits you with a +0 dagger.
The orc priest hits you but does no damage.
You shoot a sling bullet.
The sling bullet closely misses the orc. x2
The orc hits you with a +0 hand axe. The orc barely misses you.
You furiously retaliate!
You headbutt the orc!
You kill the orc!
The orc priest barely misses you. The orc misses you.
You shoot a sling bullet.
The sling bullet hits the orc priest but does no damage.
The orc priest is heavily wounded.
The orc hits you with a +0 short sword. The orc priest barely misses you.
The orc misses you.
You shoot a sling bullet.
The sling bullet closely misses the orc priest.
The orc hits you but does no damage.
The orc priest hits you but does no damage.
The orc hits you with a +0 hand axe. The orc hits you with a +0 short sword.
The orc priest mumbles some strange prayers to Beogh against you.
Pain shoots through your body!
You shoot a sling bullet. The sling bullet hits the orc priest.
The orc priest is severely wounded.
The orc closely misses you. The orc barely misses you.
The orc priest calls down the wrath of Beogh upon you.
Beogh smites you!
You shoot a sling bullet.
The sling bullet closely misses the orc priest.
The orc barely misses you. The orc misses you.
The orc priest hits you but does no damage.
The orc hits you with a +0 hand axe.
You die...

#..............
##.............
......####....###
.##### #.......
## #...#### .###
#...# # ... ##
#...# ###o#...##
#...# #.@o......
#
.##.###.#o......
#
........#.~...~.
#
###.###.#.......
## #.#.......#.#
#. #.#.......#..
#.#.~...~.#.#.#
#.
#.#.......#.#.#
#.
#.##...o.##.#.#
##


You could see an orc priest and 2 orcs.

Vanquished Creatures
  2 worms
  2 orcs (D:2)
  4 ball pythons
  8 endoplasms (D:1)
  3 giant cockroaches
  3 goblins
  4 hobgoblins
  11 jackals (D:1)
  A quokka (D:2)
  6 bats
  2 frilled lizards
  5 kobolds
  4 rats (D:1)
55 creatures vanquished.

Notes
Turn   | Place    | Note
-------+----------+-------------------------------------------
     0 | D:1      | qw the Minotaur Hexslinger began the quest for the Orb.
     0 | D:1      | Reached XP level 1. HP: 16/16 MP: 1/1
     0 | D:1      | 0 ||| qw: Version: 0.3-a-52-g30416fa
     0 | D:1      | 0 ||| qw: Game counter: 7537
     0 | D:1      | 0 ||| qw: Melee chars always use a shield: true
     0 | D:1      | 0 ||| qw: God list: Okawaru
     0 | D:1      | 0 ||| qw: Allow faded altars: false
     0 | D:1      | 0 ||| qw: Do Orc after clearing Dungeon:15 true
     0 | D:1      | 0 ||| qw: Do second Lair branch before Depths: true
     0 | D:1      | 0 ||| qw: Lair rune preference: random
     0 | D:1      | 0 ||| qw: Goals: Normal
     0 | D:1      | 0 ||| PLANNING D:1-11
    84 | D:1      | Reached skill level 3 in Ranged Weapons
    88 | D:1      | Reached XP level 2. HP: 23/23 MP: 2/2
   422 | D:1      | Reached XP level 3. HP: 29/29 MP: 3/3
   535 | D:1      | Reached skill level 4 in Ranged Weapons
   546 | D:1      | 546 ||| FLEEEEING.
   547 | D:1      | 547 ||| FLEEEEING.
   656 | D:1      | 656 ||| UPGRADING to ring of positive energy.
   657 | D:1      | 657 ||| READING scroll labelled LISEUT OTUPT.
   658 | D:1      | 658 ||| DROPPING scroll of poison.
   725 | D:2      | 725 ||| STAIRDANCE
   841 | D:2      | 841 ||| FLEEEEING.
   842 | D:2      | 842 ||| FLEEEEING.
   843 | D:2      | 843 ||| FLEEEEING.
   844 | D:2      | 844 ||| FLEEEEING.
   851 | D:2      | 851 ||| FLEEEEING.
   856 | D:2      | 856 ||| FLEEEEING.
   900 | D:2      | Identified the +1 chain mail "Ucutuph" {rC+ Will- Int+8}
  1025 | D:2      | Found a faded altar of an unknown god.
  1065 | D:2      | 1065 ||| UPGRADING to +0 pair of gloves.
  1070 | D:2      | 1070 ||| UPGRADING to +0 ring mail.
  1080 | D:2      | 1080 ||| DROPPING +0 robe.
  1081 | D:2      | 1081 ||| UPGRADING to +0 cloak.
  1112 | D:2      | Reached XP level 4. HP: 31/36 MP: 4/4
  1119 | D:2      | HP: 8/36 [orc priest/nerve-wracking pain (4)]
  1120 | D:2      | HP: 1/36 [orc priest/divine providence (7)]
  1121 | D:2      | Slain by an orc

Levels and vault maps discovered:
D:1:      lightli_arrival_lavapool, layout_basic, minmay_pentomino_u4
D:2:      cheibrodos_pilgrimage, layout_loops_cross,
          ebering_ecumenical_altar_mist, minivault_24

Skill      XL: |  1  2  3 |
---------------+----------+-----
Ranged Weapons | 3 4 |  4.4
Fighting       | 2 |  2.0
Armour         | |  0.4
Dodging        | |  2.1
Spellcasting   | |  1.0
Hexes          | |  2.0

Action                     |  1- 3 |  4- 6 || total
---------------------------+-------+-------++-------
   Fire: Sling             |   157 |    10 ||   167
    Use: Scroll            |     1 |       ||     1
 Armour: Robe              |    19 |       ||    19
         Ring mail         |       |    10 ||    10
  Dodge: Dodged            |    67 |    10 ||    77

Table legend:
 A = Non-vault XP
 B = Vault XP
 C = Vault XP percentage of total XP
 D = Non-vault monster count
 E = Vault monster count
 F = Vault count percentage of total count
                 A         B        C        D         E       F
            +---------+---------+-------+---------+---------+-------
      Total |      89 |      13 |  12.7 |      49 |       6 |  10.9
            +---------+---------+-------+---------+---------+-------
        D:1 |      64 |       7 |   9.9 |      35 |       4 |  10.3
        D:2 |      25 |       6 |  19.4 |      14 |       2 |  12.5
            +---------+---------+-------+---------+---------+-------
